 Dungeon Crawl Stone Soup version 0.20.1-1-g8b1a95d (webtiles) character file.

60 dohliylev the Sneak (level 3, 0/24 HPs)
             Began as a Vampire Enchanter on Aug 8, 2017.
             Slain by Crazy Yiuf
             ... wielding a +2 quarterstaff of chaos
              (1 damage)
             ... while paralysed by Crazy Yiuf
             ... on level 2 of the Dungeon.
             The game lasted 00:06:03 (1780 turns).

dohliylev the Sneak (Vampire Enchanter)             Turns: 1780, Time: 00:06:03

Health: 0/24       AC:  5    Str:  7    XL:     3   Next: 82%
Magic:  0/6        EV:  2    Int: 18    God:
Gold:   117        SH:  0    Dex: 14    Spells: 3/6 levels left

rFire    . . .     SeeInvis +   a - +1 dagger
rCold    . . .     Gourm    .   (no shield)
rNeg     + . .     Faith    .   b - +0 robe
rPois    .         Spirit   .   j - +2 helmet
rElec    .         Reflect  .   (no cloak)
rCorr    .         Harm     .   (no gloves)
MR       .....                  (no boots)
Stlth    +++.......             (no amulet)
Regen    0.1/turn               (no ring)
MPRegen  0.1/turn               (no ring)

@: paralysed
A: fangs 3, see invisible, unbreathing
a: Bat Form


You were on level 2 of the Dungeon.
You were not thirsty.

You visited 1 branch of the dungeon, and saw 2 of its levels.

You collected 117 gold pieces.

Inventory:

Hand Weapons
 a - a +1 dagger (weapon)
 o - a +2 short sword of draining
Armour
 b - a +0 robe (worn)
 j - a +2 helmet (worn)
Scrolls
 f - a scroll of fog {unknown}
 g - 6 scrolls of identify {unknown}
 h - a scroll of teleportation {unknown}
 i - 2 scrolls of amnesia {unknown}
 m - 3 scrolls of remove curse {unknown}
Potions
 d - 5 potions of blood
 e - 2 potions of curing {unknown}
 k - a potion of might {unknown}
 l - a potion of brilliance {unknown}
 p - a potion of ambrosia {unknown}
Books
 c - a book of Maledictions

   Spells                             Type                      Level
   a - Corona                         Hexes                        1
   b - Ensorcelled Hibernation        Hexes/Ice                    2
   c - Confuse                        Hexes                        3
   d - Tukima's Dance                 Hexes                        3
   e - Dazzling Spray                 Conjuration/Hexes            3
 n - a book of Cantrips

   Spells                             Type                      Level
   a - Confusing Touch                Hexes                        1
   b - Animate Skeleton               Necromancy                   1
   c - Summon Small Mammal            Summoning                    1
   d - Apportation                    Translocation                1


   Skills:
 + Level 1.7 Short Blades
 + Level 2.5 Dodging
 * Level 5.5 Stealth
 + Level 2.3 Spellcasting
 + Level 5.1 Hexes
 + Level 0.2 Ice Magic


You had 3 spell levels left.
You knew the following spells:

 Your Spells              Type           Power        Failure   Level  Hunger
a - Corona                Hex            ###....      2%          1    #......
b - Ensorcelled Hibernat  Hex/Ice        ##....       9%          2    ##.....


Dungeon Overview and Level Annotations

Branches:
Dungeon (2/15)

Altars:

Annotations:
D:2 Crazy Yiuf


Innate Abilities, Weirdness & Mutations

You have razor-sharp teeth.
You have supernaturally acute eyesight. (SInv)
You can survive without breathing.


Message History

Press: ? - help, Shift-Dir - straight line, f/p - Crazy Yiuf
Aim: Crazy Yiuf, wielding a quarterstaff of chaos and wearing a cloak (chance to defeat MR: 50%) Crazy Yiuf looks drowsy...
The helpless Crazy Yiuf fails to defend himself.
You impale Crazy Yiuf!!
Crazy Yiuf is almost dead.
Crazy Yiuf hits you but does no damage.
You suddenly lose the ability to move!
Crazy Yiuf hits you with a quarterstaff of chaos.
Crazy Yiuf freezes you.
Crazy Yiuf yells, "Flower agre ragdoll!"
Crazy Yiuf hits you with a quarterstaff of chaos!
Ouch! That really hurt!
* * * LOW HITPOINT WARNING * * *
Space bends around you.
* * * LOW HITPOINT WARNING * * *
Crazy Yiuf cries, "Walk light seventy!"
Crazy Yiuf hits you with a quarterstaff of chaos.
* * * LOW HITPOINT WARNING * * *
Crazy Yiuf burns you.
You die...

.########.........##...#.#.......
.#### ##....#..........#.#####.
..... ...###########...........
...# #### #...#.#...#. ...# #####
##..#.#..... ...# #..)#
#....#..... ..... #...#
#..###..... ##... #.g.#
#....###... # .. #@# #....##....
##.. ♣♣.♣ #.......... .... ♣.♣♣
##.......... .... ♣♣.♣
#..........# ..#. ♣.♣♣
##....##...# .(# ♣♣.♣♣
#........## .... ♣...♣♣
##........# ...........# ♣....♣
#.........# ....#......# ##..##
#.....###.#


You could see Crazy Yiuf.

Vanquished Creatures
  2 adders (D:2)
  A worm (D:2)
  2 dart slugs (D:1)
  2 leopard geckos (D:1)
  A ball python (D:1)
  6 bats
  4 goblins
  3 hobgoblins
  3 jackals (D:1)
  A kobold (D:1)
  4 frilled lizards
  3 rats
32 creatures vanquished.

Notes
Turn   | Place    | Note
-------+----------+-------------------------------------------
     0 | D:1      | dohliylev the Vampire Enchanter began the quest for the Orb.
     0 | D:1      | Reached XP level 1. HP: 13/13 MP: 3/3
   221 | D:1      | Reached XP level 2. HP: 3/19 MP: 5/5
   225 | D:1      | Learned a level 2 spell: Ensorcelled Hibernation
  1014 | D:1      | Reached skill level 5 in Stealth
  1203 | D:1      | Reached XP level 3. HP: 24/24 MP: 6/6
  1410 | D:2      | Reached skill level 5 in Hexes
  1768 | D:2      | Found a runed door.
  1772 | D:2      | Noticed Crazy Yiuf
  1777 | D:2      | Paralysed by Crazy Yiuf for 6 turns
  1780 | D:2      | HP: 1/24 [Crazy Yiuf/quarterstaff of chaos (2)]
  1780 | D:2      | Slain by Crazy Yiuf

Skill      XL: |  1  2  3 |
---------------+----------+-----
Stealth        | 5 |  5.5
Hexes          | 5 |  5.1
Short Blades   | |  1.7
Dodging        | |  2.5
Spellcasting   | |  2.3
Ice Magic      | |  0.2

Action                   || total
-------------------------++-------
Melee: Dagger            ||   110
       Bite              ||    11
 Cast: Ensorcelled Hiber ||    28
 Stab: Sleeping          ||    19
  Eat: Corpse            ||    10
Armor: Robe              ||    33
Dodge: Dodged            ||    98
